 Dungeon Crawl Stone Soup version 0.23.1 (webtiles) character file.

Game seed: 0

93 Borgoz the Sneak (level 4, -1/31 (33) HPs)
             Began as a Ghoul Enchanter on Mar 13, 2019.
             Was an Initiate of Ashenzari.
             Slain by an adder (4 damage)
             ... on level 3 of the Dungeon.
             The game lasted 00:06:49 (2488 turns).

Borgoz the Sneak (Ghoul Enchanter)                  Turns: 2488, Time: 00:06:50

HP:   -1/31 (33)    AC:  3    Str: 11    XL:     4   Next: 61%
MP:   0/5           EV: 12    Int: 10    God:    Ashenzari [......]
Gold: 103           SH:  0    Dex: 10    Spells: 0/6 levels left

rFire    + . .     SeeInvis .   k - +0 short sword
rCold    + + .     Gourm    .   (no shield)
rNeg     + + +     Faith    +   h - +0 leather armour
rPois    ∞         Spirit   .   (no helmet)
rElec    .         Reflect  .   (no cloak)
rCorr    .         Harm     .   (no gloves)
MR       .....                  (no boots)
Stlth    ++........             m - amulet of faith
HPRegen  0.00/turn              b - ring of protection from cold
MPRegen  0.09/turn              i - ring of protection from fire

@: rotting
A: rotting body, claws 1, carnivore, cold resistance 1, negative energy
resistance 3, inhibited regeneration, torment resistance, unbreathing
a: Curse Item, Renounce Religion


You were on level 3 of the Dungeon.
You worshipped Ashenzari.
Ashenzari was noncommittal.
You were not hungry.

You visited 1 branch of the dungeon, and saw 3 of its levels.

You collected 103 gold pieces.

Inventory:

Hand Weapons
 k - a +0 short sword (weapon)
Missiles
 g - 21 poisoned needles
 l - 7 tomahawks (quivered)
Armour
 h - a +0 leather armour (worn)
Jewellery
 b - a ring of protection from cold (left claw)
 i - a ring of protection from fire (right claw)
 m - an amulet of faith (around neck)
Scrolls
 a - a scroll of teleportation {unknown}
 c - 2 scrolls of identify
 e - a scroll of remove curse
 n - a scroll of blinking {unknown}
Potions
 j - a potion of resistance
Comestibles
 d - 4 rations


   Skills:
 * Level 2.2 Short Blades
 * Level 2.0 Armour
 + Level 2.7 Dodging
 - Level 3.2 Stealth
 - Level 1.7 Spellcasting
 - Level 2.4 Hexes


You couldn't memorise any spells.
You knew the following spells:

 Your Spells              Type           Power        Failure   Level  Hunger
a - Corona                Hex            #......      16%         1    ##.....
b - Ensorcelled Hibernat  Hex/Ice        #.....       36%         2    ###....
c - Confuse               Hex            #.......     43%         3    ####...

Your spell library contained the following spells:

 Spells                   Type           Power        Failure   Level  Hunger
 Tukima's Dance           Hex            #.......     43%         3    ####...
 Dazzling Spray           Conj/Hex       #.....       61%         3    ####...


Dungeon Overview and Level Annotations

Branches:
Dungeon (3/15)

Altars:
Ashenzari
Zin

Shops:
D:3 *


Innate Abilities, Weirdness & Mutations

Your body is rotting away.
You thrive on raw meat.
You are immune to poison.
You have sharp fingernails.
You are carnivorous and can eat meat at any time.
Your flesh is cold resistant. (rC+)
You are immune to negative energy. (rN+++)
You do not regenerate when monsters are visible.
You are immune to unholy pain and torment.
You can survive without breathing.


Message History

* * * LOW HITPOINT WARNING * * *
The adder bites you.
* * * LOW HITPOINT WARNING * * *
Okay, then.
Okay, then.
Casting: Ensorcelled Hibernation (safe; 36% risk of failure)
Confirm with . or Enter, or press ? or * to list all spells.
You don't have enough magic to cast that spell.
The adder closely misses you.
Casting: Ensorcelled Hibernation (safe; 36% risk of failure)
Confirm with . or Enter, or press ? or * to list all spells.
Aiming: Ensorcelled Hibernation (safe; 36% risk of failure)
Press: ? - help, Shift-Dir - straight line, f/p - adder
Aim: an adder (lightly wounded, chance to defeat MR: 44%)
The adder looks drowsy...
The helpless adder fails to defend itself.
You puncture the adder!
The adder is almost dead.
The jackal closely misses you. The adder bites you.
You die...

##..#_#...#####
#.........#
#........##
#....∩...#
##.......##
#.........#
+.........+
#.........#
##...@...##
##..Sh.##
##...## ##'## .
#†###....
#.......≈
#..###.≈≈ ...#
.....


You could see an adder and a jackal.

Vanquished Creatures
  4 adders
  2 worms (D:2)
  2 dart slugs (D:1)
  9 bats
  3 giant cockroaches
  5 goblins
  2 hobgoblins (D:1)
  6 jackals
  4 kobolds
  A ball python (D:2)
  4 frilled lizards
  5 rats
47 creatures vanquished.

Notes
Turn   | Place    | Note
-------+----------+-------------------------------------------
     0 | D:1      | Borgoz the Ghoul Enchanter began the quest for the Orb.
     0 | D:1      | Reached XP level 1. HP: 14/14 MP: 2/2
    93 | D:1      | Reached skill level 1 in Short Blades
   119 | D:1      | Reached XP level 2. HP: 20/20 MP: 3/3
   308 | D:1      | Reached skill level 1 in Armour
   477 | D:1      | Reached XP level 3. HP: 26/26 MP: 4/4
  1024 | D:2      | Found a shattered altar of Ashenzari.
  1030 | D:2      | Became a worshipper of Ashenzari the Shackled
  1180 | D:2      | Reached XP level 4. HP: 3/33 MP: 3/5
  1354 | D:2      | Learned a level 2 spell: Ensorcelled Hibernation
  1358 | D:2      | Learned a level 3 spell: Confuse
  2339 | D:3      | Found Zin's Purification Station.
  2342 | D:3      | Found a glowing silver altar of Zin.
  2488 | D:3      | Slain by an adder

Skill      XL: |  1  2  3  4 |
---------------+-------------+-----
Short Blades   | 1 2 |  2.2
Dodging        | 2 |  2.7
Armour         | 1 2 |  2.0
Stealth        | |  3.2
Spellcasting   | |  1.7
Hexes          | |  2.4

Action                   |  1- 3 |  4- 6 || total
-------------------------+-------+-------++-------
Melee: Dagger            |    95 |       ||    95
       Short sword       |    62 |    80 ||   142
 Cast: Corona            |     1 |       ||     1
       Ensorcelled Hiber |       |    10 ||    10
  Use: Scroll            |     2 |     1 ||     3
       Potion            |     1 |     1 ||     2
 Stab: Sleeping          |     3 |     7 ||    10
  Eat: Chunk             |     8 |     7 ||    15
Armor: Robe              |     9 |       ||     9
       Leather armour    |    40 |    21 ||    61
Dodge: Dodged            |   104 |    50 ||   154
